[Event "2nd Thailand Pattaya Open 2019"]
[Site "Pattaya"]
[Date "2019.10.25"]
[Round "4.5"]
[White "Kananub, Warot"]
[Black "Schebler, Gerhard"]
[Result "0-1"]
[ECO "D36"]
[WhiteElo "2206"]
[BlackElo "2398"]
[Annotator "NA"]
[PlyCount "105"]
[EventDate "2019.10.23"]
[EventType "swiss"]
[EventCountry "THA"]
[SourceTitle "playchess.com"]
[Source "ChessBase"]
[SourceQuality "1"]
[TimeControl "5400+30"]

1. d4 e6 2. c4 Bb4+ 3. Bd2 Bxd2+ 4. Qxd2 Nf6 5. Nc3 d5 6. e3 O-O 7. Nf3 Nbd7 8. cxd5 exd5 9. Bd3 Qe7 10. O-O c6 11. Qc2 Re8 12. Rab1 {[%emt 0:00:27] D36: Queen's Gambit Declined: Exchange Variation: Main line (5 Bg5 c6 6 Qc2)} a5 (12... Ne4 13. b4 Ndf6 14. Bxe4 Nxe4 15. Nxe4 dxe4 16. Nd2 Qg5 17. Qc5 Qg6 18. Rfc1 Bh3 19. g3 a6 {1-0 (50) Riazantsev,A (2651)-Khairullin,I (2630) Sochi 2016}) 13. Na4 Qd6 $146 ({Predecessor:} 13... Ne4 14. Rfe1 Rb8 15. Nc5 Ndxc5 16. dxc5 Bf5 17. Nd4 Bg6 18. b4 axb4 19. Rxb4 Ra8 {1-0 (58) Hoensch,I-Gresser,G Emmen 1957}) 14. Rfc1 Ne4 15. Bxe4 Rxe4 16. Nc3 Re8 17. Ne2 Nf6 18. Ng3 Ne4 19. Ne5 Nxg3 20. hxg3 Qf6 21. Qe2 Bf5 22. Ra1 Qe7 23. Qd2 Qd6 $11 24. Qc3 Be4 25. Qb3 Re7 26. Qc3 h5 27. Qc5 Qc7 28. b3 Rae8 29. Rc3 Re6 30. Rac1 f6 31. Nd3 g5 32. Qa3 Bxd3 33. Rxd3 h4 34. gxh4 Qh7 35. Rcd1 Qxh4 36. Qxa5 R6e7 37. Qe1 g4 38. g3 Qh7 39. Qf1 Qf5 40. Qg2 Rh7 41. e4 Rxe4 42. Re3 Rxe3 43. fxe3 Qe6 44. Re1 f5 45. Kf2 Rh3 46. Rh1 Qh6 47. Rxh3 gxh3 48. Qf1 Kg7 49. Qe1 h2 50. Kg2 h1=Q+ 51. Qxh1 Qxe3 52. Qg1 Qe4+ 53. Kh2 0-1

[Event "2nd Thailand Pattaya Open 2019"]
[Site "Pattaya"]
[Date "2019.10.25"]
[Round "4.6"]
[White "Kyaw Lay Htaik"]
[Black "Kulpruethanon, Thanadon"]
[Result "0-1"]
[ECO "D02"]
[WhiteElo "2343"]
[BlackElo "2216"]
[Annotator "NA"]
[PlyCount "94"]
[EventDate "2019.10.23"]
[EventType "swiss"]
[EventCountry "THA"]
[SourceTitle "playchess.com"]
[Source "ChessBase"]
[SourceQuality "1"]
[TimeControl "5400+30"]

1. d4 Nf6 2. Nf3 d5 3. Bf4 c5 4. e3 Nc6 5. c3 Qb6 6. Qc2 g6 {[%emt 0:00:39] D02: 1 d4 d5 2 Nf3 sidelines, including 2...Nf6 3 g3 and 2...Nf6 3 Bf4} 7. Nbd2 Bg7 8. h3 O-O 9. Be2 Nd7 10. O-O e5 11. dxe5 Ndxe5 12. Rfd1 (12. Nxe5 Nxe5 13. e4 dxe4 14. Nxe4 {½-½ (23) Laznicka,V (2668)-Nisipeanu,L (2674) Germany 2019}) 12... Rd8 13. Bg5 $146 ({Predecessor:} 13. Nxe5 Nxe5 14. Nf3 Nxf3+ 15. Bxf3 Be6 16. Rd2 {½-½ (16) Wang,T (2276)-Hong,A (2327) Charlotte 2018}) 13... Re8 14. Nxe5 Nxe5 15. Nf3 Nc6 16. Nd2 Ne5 17. Nf3 Be6 18. Bf4 Nc6 19. Ng5 Bf5 20. Qb3 Qxb3 21. axb3 h6 22. Nf3 d4 23. Rac1 g5 24. Bd6 dxc3 25. bxc3 Na5 26. Bb5 Nxb3 27. Bxe8 Rxe8 28. Ra1 Nxa1 29. Rxa1 a6 30. Ra3 Rc8 31. Be5 f6 32. Bg3 Rd8 33. Bc7 $19 (33. Kf1 {might work better.}) 33... Rd7 34. Bb8 Rd1+ 35. Kh2 Be4 36. Ng1 f5 37. Ne2 Rd2 38. Ng3 Rxf2 39. Nxe4 fxe4 40. c4 Rc2 41. Rb3 Rb2 42. Ra3 Rb4 43. Ra2 Rxc4 44. Rd2 Bc3 45. Rd8+ Kf7 46. Rd7+ Ke6 47. Rxb7 Rb4 0-1

[Event "2nd Thailand Pattaya Open 2019"]
[Site "Pattaya"]
[Date "2019.10.28"]
[Round "7.5"]
[White "Schebler, Gerhard"]
[Black "Arunnuntapanich, Tinnakrit"]
[Result "1-0"]
[ECO "E92"]
[WhiteElo "2398"]
[BlackElo "2025"]
[Annotator "RC"]
[PlyCount "105"]
[EventDate "2019.10.23"]
[EventType "swiss"]
[EventCountry "THA"]
[SourceTitle "playchess.com"]
[Source "ChessBase"]
[SourceQuality "1"]
[TimeControl "5400+30"]

1. Nf3 Nf6 2. d4 g6 3. c4 Bg7 4. Nc3 O-O 5. e4 d6 6. Be2 e5 7. Be3 Ng4 8. Bg5 f6 9. Bh4 Nc6 10. d5 Ne7 11. Nd2 h5 12. h3 Nh6 13. g4 hxg4 14. hxg4 Nf7 15. Qb3 Rb8 16. a4 Bd7 17. a5 a6 18. Qa3 c5 19. b4 cxb4 20. Qxb4 b6 21. f3 bxa5 22. Qxa5 Qxa5 23. Rxa5 Ra8 24. Kd1 Nd8 25. Bf2 Nb7 26. Ra3 Rfb8 27. Kc2 Nc8 28. Nb3 Bf8 29. Rha1 Be7 30. Rxa6 Rxa6 31. Rxa6 Kf7 32. Na4 Ke8 33. Nb6 Nxb6 34. Bxb6 Rc8 35. Ra7 Nd8 36. Bc7 Nf7 37. Bb6 f5 38. gxf5 gxf5 39. Nd2 Bd8 40. Be3 Bg5 41. Bxg5 Nxg5 42. Kc3 fxe4 43. fxe4 Rb8 44. Bd1 Kd8 45. Bc2 Nh3 46. c5 dxc5 47. Nc4 Nf4 48. Nxe5 Be8 49. Bd1 Rb6 50. Bg4 Bb5 51. d6 Ra6 52. Rxa6 Bxa6 53. Nc6+ 1-0